[Event "Team 45 45 League T98"]
[Site "Internet Chess Club"]
[Date "2023.11.19"]
[Round "1"]
[White "rjhoro"]
[Black "BlueStorm"]
[Result "0-1"]
[WhiteElo "1210"]
[BlackElo "1593"]
[Opening "QGD Slav defense"]
[ECO "D10"]
[Time "18:00:32"]
[PlyCount "78"]
[TimeControl "2700+45"]

1. d4 d5 2. c4 c6 3. Bf4 Bf5 4. e3 e6 5. Nc3 Nf6 6. cxd5 exd5 7. Nf3 Bd6 8. Bxd6
Qxd6 9. Bd3 Bxd3 10. Qxd3 Nbd7 11. O-O O-O 12. Rac1 Rfe8 13. Qc2 Rac8 14. Na4 b6
15. Qb3 Ne4 16. Rfd1 Rc7 17. Nc3 Rec8 18. Nxe4 dxe4 19. Ng5 Qe7 20. Nh3 Nf6 21.
Rf1 Qd7 22. Nf4 Nd5 23. Nxd5 cxd5 24. Rxc7 Rxc7 25. f3 exf3 26. Rxf3 Rc1+ 27.
Rf1 Rxf1+ 28. Kxf1 Qc6 29. Qd1 Qc4+ 30. Kg1 Qxa2 31. Qc2 g6 32. Kf2 a5 33. Kf3
a4 34. Qc3 b5 35. Qb4 Qc4 36. Qxc4 bxc4 37. Ke2 c3 38. bxc3 a3 39. Kd2 a2 {White
resigns} 0-1

[Event "Team 45 45 League T98"]
[Site "Internet Chess Club"]
[Date "2023.11.18"]
[Round "1"]
[White "QuieroAprender"]
[Black "clarinetref"]
[Result "0-1"]
[WhiteElo "1607"]
[BlackElo "1532"]
[Opening "St. George (Baker) defense"]
[ECO "B00"]
[Time "20:17:51"]
[PlyCount "70"]
[TimeControl "2700+45"]

1. e4 a6 2. g3 e6 3. Bg2 d5 4. d4 dxe4 5. Bxe4 Nd7 6. Ne2 Ngf6 7. Bg2 c6 8. c3
Bd6 9. Bf4 Qe7 10. Nd2 e5 11. dxe5 Bxe5 12. O-O O-O 13. Re1 Bxf4 14. Nxf4 Qc5
15. Nb3 Qa7 16. Qc2 Nc5 17. Nd4 Bd7 18. b4 Ne6 19. Nfxe6 fxe6 20. Nxe6 Bxe6 21.
Rxe6 Ng4 22. Rf1 Rae8 23. Qe2 Nf6 24. Qc4 Rxe6 25. Qxe6+ Kh8 26. Qe3 Qb8 27. f4
Ng4 28. Qe6 Qa7+ 29. Kh1 Nf2+ 30. Rxf2 Qxf2 31. a4 Rd8 32. h4 Qxg3 33. Qe2 Qxh4+
34. Kg1 Qxf4 35. Be4 Qc1+ {White resigns} 0-1

[Event "Team 45 45 League T98"]
[Site "Internet Chess Club"]
[Date "2023.11.19"]
[Round "1"]
[White "Electryon"]
[Black "kabindra"]
[Result "0-1"]
[WhiteElo "1618"]
[BlackElo "1755"]
[Opening "Sicilian defense"]
[ECO "B30"]
[Time "17:02:16"]
[PlyCount "74"]
[TimeControl "2700+45"]

1. e4 c5 2. Nf3 Nc6 3. d3 e6 4. Nbd2 d5 5. Be2 d4 6. c3 e5 7. Nc4 Qc7 8. Bd2 b5
9. Na3 a6 10. Nc2 Be6 11. Ng5 Bd7 12. Bg4 h6 13. Bxd7+ Qxd7 14. Nf3 Bd6 15. Qe2
Nge7 16. O-O O-O 17. Rac1 f5 18. cxd4 cxd4 19. exf5 Nxf5 20. Qe4 Rae8 21. b4
Nce7 22. a3 Qe6 23. Qb7 Bb8 24. Rfe1 Qf6 25. Qe4 Ng6 26. Na1 Nfh4 27. Rc6 Nxf3+
28. gxf3 Re6 29. Qd5 Re8 30. f4 Qf5 31. Nb3 Kh7 32. Rxe6 Rxe6 33. Nc5 Rd6 34.
Qb7 Nh4 35. Rxe5 Qg4+ 36. Kh1 Nf3 37. Re2 Qg1# {White checkmated} 0-1

[Event "Team 45 45 League T98"]
[Site "Internet Chess Club"]
[Date "2023.11.18"]
[Round "1"]
[White "mongmong"]
[Black "garytd"]
[Result "1-0"]
[WhiteElo "1479"]
[BlackElo "1414"]
[Opening "Queen's pawn: Yusupov-Rubinstein system"]
[ECO "A46"]
[Time "07:00:20"]
[PlyCount "49"]
[TimeControl "2700+45"]

1. d4 Nf6 2. Nf3 e6 3. e3 c5 4. c3 Nc6 5. Nbd2 d5 6. Bd3 Bd6 7. O-O h6 8. Qe2
Nh5 9. dxc5 Bxc5 10. Nd4 Nf6 11. Nxc6 bxc6 12. e4 O-O 13. e5 Nh7 14. Nb3 Bb6 15.
Kh1 c5 16. Bc2 a5 17. Be3 Ba6 18. Qd2 Bxf1 19. Rxf1 c4 20. Bxb6 Qxb6 21. Nd4
Qxb2 22. Bxh7+ Kxh7 23. Qxb2 Rab8 24. Qc2+ Kg8 25. Rb1 {Black resigns} 1-0

[Event "Team 45 45 League T98"]
[Site "Internet Chess Club"]
[Date "2023.11.15"]
[Round "1"]
[White "Portola"]
[Black "ARMAND02019"]
[Result "1-0"]
[WhiteElo "1717"]
[BlackElo "1566"]
[Opening "Queen's pawn"]
[ECO "A40"]
[Time "20:01:16"]
[PlyCount "83"]
[TimeControl "2700+45"]

1. d4 e6 2. Nf3 d5 3. c3 Nf6 4. Bg5 Be7 5. Nbd2 O-O 6. e3 Nc6 7. Bd3 Nd7 8. Bf4
f5 9. Qc2 Nf6 10. Ne5 Nxe5 11. Bxe5 c5 12. b3 Bd7 13. Bxf6 Rxf6 14. a4 Qc7 15.
Nf3 Bd6 16. Rc1 c4 17. bxc4 dxc4 18. Be2 a6 19. Qa2 Rc8 20. a5 Kh8 21. O-O Rh6
22. g3 Bc6 23. Nd2 Bd5 24. Rb1 Rh3 25. f4 h5 26. Rf2 h4 27. Nf1 hxg3 28. Nxg3 g5
29. Bf1 Rh7 30. Bg2 gxf4 31. Bxd5 fxg3 32. hxg3 exd5 33. Rxf5 Rg8 34. Rf3 Bxg3
35. Rb2 Be1+ 36. Kf1 Bxc3 37. Rbf2 Qxa5 38. Qb1 Rh1+ 39. Ke2 Rxb1 40. Rh2+ Kg7
41. Rg2+ Kh6 42. Rh3# {Black checkmated} 1-0

[Event "Team 45 45 League T98"]
[Site "Internet Chess Club"]
[Date "2023.11.15"]
[Round "1"]
[White "Kingofknights"]
[Black "justice02"]
[Result "1/2-1/2"]
[WhiteElo "1576"]
[BlackElo "1610"]
[Opening "QGD Slav defense: exchange variation"]
[ECO "D10"]
[Time "16:30:34"]
[PlyCount "108"]
[TimeControl "2700+45"]

1. d4 d5 2. c4 c6 3. cxd5 cxd5 4. Nc3 a6 5. Nf3 Nc6 6. Bf4 Nf6 7. e3 g6 8. h3
Bg7 9. Rc1 O-O 10. Bd3 Re8 11. O-O Nh5 12. Bh2 e5 13. dxe5 Nxe5 14. Nxe5 Bxe5
15. Be2 Bxh2+ 16. Kxh2 Nf6 17. Bf3 Be6 18. Qd4 Rc8 19. b3 Rc6 20. Rfd1 Qc7+ 21.
Kg1 Ne4 22. Nxe4 Rxc1 23. Nf6+ Kf8 24. Nxe8 Rxd1+ 25. Qxd1 Kxe8 26. Bxd5 Bc8 27.
Qd4 Qc1+ 28. Kh2 Qc7+ 29. g3 h5 30. h4 Qd7 31. Qe5+ Kf8 32. Qe4 Qh3+ 33. Kg1 Qd7
34. Qc4 b5 35. Qc5+ Kg7 36. b4 Bb7 37. Qd4+ Kg8 38. Bxb7 Qxb7 39. e4 Qe7 40. f4
Qe6 41. Qd5 Qg4 42. Kf2 Qc8 43. Qc5 Qe6 44. Qd5 Qc8 45. Ke3 Qc3+ 46. Ke2 Qxb4
47. Qa8+ Kg7 48. Qxa6 Qxe4+ 49. Kf2 b4 50. Qe2 Qd4+ 51. Qe3 Qb2+ 52. Qe2 Qa1 53.
Qd2 Kh7 54. Kg2 Kg7 {Game drawn by mutual agreement} 1/2-1/2

[Event "Team 45 45 League T98"]
[Site "Internet Chess Club"]
[Date "2023.11.16"]
[Round "1"]
[White "nosir"]
[Black "Signofthetimes"]
[Result "0-1"]
[WhiteElo "1405"]
[BlackElo "1571"]
[Opening "Queen's pawn"]
[ECO "A40"]
[Time "09:00:19"]
[PlyCount "144"]
[TimeControl "2700+45"]

1. d4 c6 2. Bf4 d5 3. e3 Nf6 4. Bd3 Bg4 5. Nf3 e6 6. Nbd2 Bd6 7. Bxd6 Qxd6 8. h3
Bh5 9. O-O Nbd7 10. c4 h6 11. c5 Qc7 12. Qc2 g5 13. Nh2 Rg8 14. g4 Bg6 15. b4
Bxd3 16. Qxd3 h5 17. f3 Qg3+ 18. Kh1 Qxh3 19. Rg1 hxg4 20. fxg4 Rh8 21. Qe2
O-O-O 22. Rg2 Rh7 23. Rf1 Rdh8 24. Rff2 Qh6 25. e4 dxe4 26. Nxe4 Nxe4 27. Qxe4
Nf6 28. Qf3 Nd5 29. Rb2 Nf4 30. Rgf2 Qh3 31. Qxh3 Rxh3 32. Rbd2 Kd7 33. Kg1 Ke7
34. Rf3 Rxf3 35. Nxf3 f6 36. a3 Rh3 37. Kf2 Rh1 38. Ra2 Kf7 39. Ke3 Kg6 40. a4
Nd5+ 41. Kf2 Nxb4 42. Re2 Kf7 43. a5 Ra1 44. Kg3 Rxa5 45. Rf2 Ra3 46. Kg2 Kg6
47. Nd2 Ra2 48. Kg3 f5 49. gxf5+ exf5 50. Re2 Kf6 51. Rf2 Ra3+ 52. Kg2 Kg6 53.
Nc4 Ra2 54. Ne5+ Kh5 55. Kg3 Rxf2 56. Kxf2 Nc2 57. Nc4 f4 58. Na5 Nxd4 59. Nxb7
g4 60. Nd6 a5 61. Nc4 a4 62. Na3 Nb3 63. Kg2 Nxc5 64. Nc2 Nb3 65. Na3 c5 66. Nc4
Kh4 67. Na3 Nd2 68. Nc2 c4 69. Na3 c3 70. Kf2 Ne4+ 71. Kg2 f3+ 72. Kg1 g3 {White
resigns} 0-1

[Event "Team 45 45 League T98"]
[Site "Internet Chess Club"]
[Date "2023.11.15"]
[Round "1"]
[White "tightfist"]
[Black "herrahuu"]
[Result "1-0"]
[WhiteElo "1421"]
[BlackElo "1379"]
[Opening "Queen's pawn game"]
[ECO "D04"]
[Time "12:02:22"]
[PlyCount "29"]
[TimeControl "2700+45"]

1. Nf3 d5 2. d4 Nf6 3. e3 c6 4. Bd3 Bg4 5. Nbd2 e6 6. O-O Bd6 7. c4 dxc4 8. Nxc4
O-O 9. Nxd6 Qxd6 10. Be2 Nbd7 11. b3 Rac8 12. a4 c5 13. Ba3 Nd5 14. dxc5 Qc6 15.
Bb5 {Black resigns} 1-0

[Event "Team 45 45 League T98"]
[Site "Internet Chess Club"]
[Date "2023.11.16"]
[Round "1"]
[White "elmaestro"]
[Black "fhunfi"]
[Result "1-0"]
[WhiteElo "1610"]
[BlackElo "1704"]
[Opening "French: advance, Milner-Barry gambit"]
[ECO "C02"]
[Time "19:34:02"]
[PlyCount "77"]
[TimeControl "2700+45"]

1. e4 e6 2. d4 d5 3. e5 c5 4. c3 Qb6 5. Nf3 Nc6 6. Bd3 cxd4 7. cxd4 Bd7 8. Nc3
Nxd4 9. Nxd4 Qxd4 10. Qe2 a6 11. O-O Rc8 12. Rd1 Qa7 13. Qg4 Ne7 14. Be3 Qb8 15.
h4 g6 16. Re1 Bg7 17. Bf4 Bc6 18. Qg3 Rd8 19. Rad1 b5 20. b4 h5 21. Ne2 d4 22.
Bb1 Bd5 23. Nxd4 Qb7 24. Nb3 O-O 25. Nc5 Qa8 26. Bg5 Rfe8 27. Ne4 Nf5 28. Qf4
Rc8 29. Nf6+ Bxf6 30. Bxf6 Rc4 31. Qd2 Rg4 32. Bxf5 Rxg2+ 33. Kf1 gxf5 34. Qh6
Bc4+ 35. Re2 Bxe2+ 36. Kxe2 Qe4+ 37. Kf1 Rg1+ 38. Kxg1 Qg4+ 39. Kh2 {Black
resigns} 1-0

[Event "Team 45 45 League T98"]
[Site "Internet Chess Club"]
[Date "2023.11.20"]
[Round "1"]
[White "evan7284"]
[Black "DimEyeChessGuy"]
[Result "0-1"]
[WhiteElo "1593"]
[BlackElo "1536"]
[Opening "Queen's pawn: Chigorin variation"]
[ECO "D00"]
[Time "14:39:05"]
[PlyCount "61"]
[TimeControl "2700+45"]

1. d4 d5 2. Nc3 Nf6 3. Bf4 c5 4. e3 cxd4 5. exd4 Bg4 6. f3 Bd7 7. Bd3 Nc6 8. Bb5
Qb6 9. Nge2 a6 10. Ba4 e6 11. a3 Be7 12. b4 O-O 13. Qd3 Rfc8 14. Be3 Bd6 15. O-O
Qc7 16. f4 Ng4 17. Bd2 f5 18. Kh1 b5 19. Bb3 Ne7 20. Ng1 Rf8 21. Nce2 Rf6 22. h3
Rh6 23. Nf3 Nf6 24. Ne5 Ne4 25. Ng3 Rf8 26. Nxe4 fxe4 27. Qe3 Nf5 28. Qe1 Nxd4
29. Bc3 Bxe5 30. Bxd4 Bxd4 31. f5 {White resigns} 0-1

[Event "Team 45 45 League T98"]
[Site "Internet Chess Club"]
[Date "2023.11.17"]
[Round "1"]
[White "burlap"]
[Black "BrerRabbit"]
[Result "1/2-1/2"]
[WhiteElo "1318"]
[BlackElo "1341"]
[Opening "Queen's pawn, Mason variation"]
[ECO "D00"]
[Time "19:03:04"]
[PlyCount "52"]
[TimeControl "2700+45"]

1. d4 d5 2. Bf4 Nf6 3. e3 e6 4. Nd2 Bd6 5. Bxd6 Qxd6 6. Ngf3 c5 7. c3 O-O 8. Bd3
b6 9. O-O Ba6 10. Bxa6 Nxa6 11. Qe2 Nc7 12. e4 dxe4 13. Nxe4 Nxe4 14. Qxe4 Nd5
15. c4 Nf6 16. Qe5 Qxe5 17. dxe5 Nd7 18. Rfd1 Rfd8 19. Rd2 Nf8 20. Rad1 Rxd2 21.
Rxd2 Ng6 22. h4 Kf8 23. g3 Ke8 24. h5 Ne7 25. Ng5 h6 26. Nf3 Rd8 {Game drawn by
mutual agreement} 1/2-1/2

[Event "Team 45 45 League T98"]
[Site "Internet Chess Club"]
[Date "2023.11.19"]
[Round "1"]
[White "sdcohle"]
[Black "oldprez1"]
[Result "1-0"]
[WhiteElo "1383"]
[BlackElo "1236"]
[Opening "Pirc: classical (two knights) system"]
[ECO "B07"]
[Time "14:02:37"]
[PlyCount "75"]
[TimeControl "2700+45"]

1. e4 d6 2. Nf3 g6 3. Nc3 Bg7 4. d4 Nf6 5. b3 O-O 6. Bb2 Nbd7 7. Bd3 e5 8. O-O
exd4 9. Nxd4 Nc5 10. Re1 Nxd3 11. Qxd3 Re8 12. Nf3 c6 13. Re2 Bg4 14. h3 Be6 15.
Rae1 d5 16. exd5 Bxd5 17. Nxd5 cxd5 18. Bxf6 Qxf6 19. Rxe8+ Rxe8 20. Rxe8+ Bf8
21. Qxd5 Qa1+ 22. Kh2 Kg7 23. Qe5+ Qxe5+ 24. Nxe5 Bd6 25. g3 Bc5 26. Nd3 Bb6 27.
Re7 Kf6 28. Rxb7 h5 29. Kg2 Bd4 30. c4 a5 31. c5 Ke6 32. c6 Kd6 33. c7 Kd7 34.
c8=Q+ Kxc8 35. Rxf7 g5 36. Rf5 g4 37. Rxh5 gxh3+ 38. Kxh3 {Black resigns} 1-0

[Event "Team 45 45 League T98"]
[Site "Internet Chess Club"]
[Date "2023.11.18"]
[Round "1"]
[White "burlap"]
[Black "kabindra"]
[Result "1/2-1/2"]
[WhiteElo "1330"]
[BlackElo "1645"]
[Opening "Queen's pawn, Mason variation"]
[ECO "D00"]
[Time "12:00:36"]
[PlyCount "168"]
[TimeControl "2700+45"]

1. d4 d5 2. Bf4 Bf5 3. e3 Nc6 4. Nf3 f6 5. Nh4 Be6 6. Nf3 Bf5 7. Nh4 Be6 8. Bg3
g5 9. Nf3 h5 10. h4 g4 11. Nfd2 Bf5 12. Bd3 Bxd3 13. cxd3 e5 14. dxe5 Nxe5 15.
Bxe5 fxe5 16. Qb3 b6 17. Qb5+ Qd7 18. Qxd7+ Kxd7 19. Nc3 Nf6 20. e4 d4 21. Ne2
Bb4 22. a3 Bxd2+ 23. Kxd2 Rae8 24. f4 gxf3 25. gxf3 Rhg8 26. Rag1 a5 27. Rg5 c5
28. Ng3 Rh8 29. Rg6 Rhg8 30. Rxg8 Rxg8 31. Rg1 Kc6 32. Ne2 Rxg1 33. Nxg1 b5 34.
Ne2 c4 35. f4 Kd6 36. f5 b4 37. axb4 axb4 38. Ng3 c3+ 39. bxc3 dxc3+ 40. Kc2 Kc5
41. Ne2 Ng4 42. Ng3 Nf6 43. Ne2 Kb5 44. Kb3 Nd7 45. Ng3 Nf6 46. Ne2 Ng4 47. Nc1
Kc5 48. Na2 Kd4 49. Kxb4 Kxd3 50. Nxc3 Nf6 51. Nd5 Nd7 52. f6 Kxe4 53. Kc4 Kf5
54. f7 Ke6 55. Nc7+ Kxf7 56. Kd5 Kf6 57. Ke4 Nc5+ 58. Kd5 Nd3 59. Ne8+ Kf5 60.
Ng7+ Kg6 61. Nxh5 Kxh5 62. Ke4 Kxh4 63. Kxd3 Kg5 64. Ke4 Kf6 65. Kd3 Kf5 66. Ke3
e4 67. Kd2 Kf4 68. Ke2 e3 69. Ke1 Kf3 70. Kf1 Kf4 71. Ke2 Ke4 72. Ke1 Kd3 73.
Kd1 Ke4 74. Ke2 Kd4 75. Ke1 Kd3 76. Kd1 Kd4 77. Ke2 Ke4 78. Ke1 Ke5 79. Ke2 Kf4
80. Ke1 Ke5 81. Ke2 Ke4 82. Ke1 Kf3 83. Kf1 e2+ 84. Ke1 Ke3 {White stalemated}
1/2-1/2

[Event "Team 45 45 League T98"]
[Site "Internet Chess Club"]
[Date "2023.11.19"]
[Round "1"]
[White "defythemachine"]
[Black "Balderdash"]
[Result "1-0"]
[WhiteElo "1284"]
[BlackElo "1113"]
[Opening "Queen's pawn: Chigorin variation"]
[ECO "D00"]
[Time "19:02:35"]
[PlyCount "79"]
[TimeControl "2700+45"]

1. d4 d5 2. Nc3 Nf6 3. Bf4 Nc6 4. Nb5 e5 5. dxe5 Nh5 6. e3 Nxf4 7. exf4 a6 8.
Nd4 Nxd4 9. Qxd4 b6 10. Nf3 Bc5 11. Qd2 a5 12. Bd3 Bg4 13. Be2 Bxf3 14. Bxf3 c6
15. O-O O-O 16. Rad1 Bb4 17. c3 Be7 18. Rfe1 Bc5 19. b4 axb4 20. cxb4 Be7 21. e6
b5 22. exf7+ Rxf7 23. Re6 Ra4 24. Rxc6 Bxb4 25. Qxd5 Qf8 26. Qxb5 Ra5 27. Qc4
Be7 28. Rc8 Rc5 29. Rxc5 Bxc5 30. Bd5 Qc8 31. Bxf7+ Kf8 32. Be6 Qc7 33. Qe4 g6
34. Rd7 Bxf2+ 35. Kxf2 Qc5+ 36. Kf3 Qa3+ 37. Bb3 h5 38. Rf7+ Kg8 39. Qe8+ Qf8
40. Qxf8# {Black checkmated} 1-0

[Event "Team 45 45 League T98"]
[Site "Internet Chess Club"]
[Date "2023.11.17"]
[Round "1"]
[White "oldbookseller"]
[Black "Tjet"]
[Result "0-1"]
[WhiteElo "881"]
[BlackElo "1281"]
[Opening "Queen's pawn game"]
[ECO "A46"]
[Time "15:00:29"]
[PlyCount "42"]
[TimeControl "2700+45"]

1. d4 Nf6 2. Nf3 d6 3. e3 c6 4. Bd3 g6 5. O-O Bg7 6. b3 O-O 7. Bb2 Re8 8. Nbd2
e5 9. Ne4 Nxe4 10. Bxe4 d5 11. Bd3 e4 12. Be2 exf3 13. Bxf3 Nd7 14. Qd3 Nf6 15.
h3 Bf5 16. Qc3 Ne4 17. Qe1 Ng5 18. Be2 Nxh3+ 19. gxh3 Bxh3 20. c4 Qg5+ 21. Kh2
Qg2# {White checkmated} 0-1

[Event "Team 45 45 League T98"]
[Site "Internet Chess Club"]
[Date "2023.11.18"]
[Round "1"]
[White "Pawnchain"]
[Black "tightfist"]
[Result "1-0"]
[WhiteElo "1351"]
[BlackElo "1401"]
[Opening "Queen's pawn"]
[ECO "A40"]
[Time "14:01:02"]
[PlyCount "69"]
[TimeControl "2700+45"]

1. d4 e6 2. Nf3 d5 3. Bf4 c5 4. e3 Qb6 5. b3 Nc6 6. c3 Nf6 7. Nbd2 Be7 8. Bd3
Nh5 9. Be5 Nf6 10. Qe2 Bd7 11. h4 cxd4 12. exd4 O-O 13. Ng5 g6 14. Qf3 Nxe5 15.
dxe5 Nh5 16. g4 Bxg5 17. hxg5 Qc7 18. gxh5 Qxe5+ 19. Qe3 Qxc3 20. Ke2 Rac8 21.
hxg6 fxg6 22. Rac1 Qg7 23. Rxc8 Rxc8 24. Nf3 Qb2+ 25. Kf1 Qxa2 26. Kg2 b6 27.
Qd4 Qa3 28. Bxg6 Qe7 29. Rxh7 Qxh7 30. Bxh7+ Kxh7 31. Qf6 Kg8 32. Ne5 Rc7 33.
Qd8+ Kg7 34. Nxd7 Rc3 35. Qf6+ {Black resigns} 1-0

[Event "Team 45 45 League T98"]
[Site "Internet Chess Club"]
[Date "2023.11.18"]
[Round "1"]
[White "kabubi"]
[Black "PsyMar"]
[Result "0-1"]
[WhiteElo "1157"]
[BlackElo "1337"]
[Opening "King's pawn game"]
[ECO "C44"]
[Time "17:07:52"]
[PlyCount "46"]
[TimeControl "2700+45"]

1. e4 e5 2. Nf3 Nc6 3. d3 Nf6 4. Nbd2 Bc5 5. g3 O-O 6. Bg2 Re8 7. O-O d5 8. Qe2
Nd4 9. Qd1 dxe4 10. dxe4 Bg4 11. c3 Nc6 12. Qe2 Qd7 13. Nb3 Bb6 14. Bg5 Qe6 15.
Rad1 a5 16. a4 h6 17. Bxf6 Qxf6 18. h3 Be6 19. Nc1 Ne7 20. Kh2 Ng6 21. Ng1 Rad8
22. Nd3 Bc4 23. Qe3 Bxe3 {White resigns} 0-1

[Event "Team 45 45 League T98"]
[Site "Internet Chess Club"]
[Date "2023.11.21"]
[Round "1"]
[White "Dwilkes"]
[Black "WzeroMN"]
[Result "0-1"]
[WhiteElo "1076"]
[BlackElo "948"]
[Opening "Ruy Lopez: Berlin defense"]
[ECO "C65"]
[Time "16:05:00"]
[PlyCount "60"]
[TimeControl "2700+45"]

1. e4 e5 2. Nf3 Nc6 3. Bb5 Nf6 4. d3 Be7 5. Bg5 O-O 6. O-O a6 7. Ba4 b5 8. Bb3
Bb7 9. Nc3 Nd4 10. Bxf6 Nxf3+ 11. Qxf3 Bxf6 12. Nd5 Bxd5 13. Bxd5 c6 14. Bb3 a5
15. a4 b4 16. Qg4 d6 17. c3 Qc8 18. Qxc8 Raxc8 19. cxb4 Bd8 20. f4 Rb8 21. fxe5
Rxb4 22. Bc4 dxe5 23. b3 Rb7 24. Rad1 Bb6+ 25. Kh1 Bd4 26. h3 Kh8 27. Rf3 g6 28.
Rf6 Kg7 29. Rxc6 Rbb8 30. Rxg6+ fxg6 {White resigns} 0-1

[Event "Team 45 45 League T98"]
[Site "Internet Chess Club"]
[Date "2023.11.16"]
[Round "1"]
[White "Chess4Him"]
[Black "Electryon"]
[Result "1/2-1/2"]
[WhiteElo "1479"]
[BlackElo "1629"]
[Opening "Queen's pawn game"]
[ECO "D00"]
[Time "16:00:23"]
[PlyCount "152"]
[TimeControl "2700+45"]

1. d4 Nf6 2. Nc3 d5 3. Bf4 a6 4. e3 Bf5 5. f3 Nbd7 6. g4 Bg6 7. h4 h5 8. g5 Ng8
9. Nxd5 Rc8 10. Bd3 e6 11. Nc3 Ne7 12. Nge2 Nb6 13. e4 c5 14. dxc5 Rxc5 15. Be3
Rc6 16. Nd4 Rc8 17. Qd2 Nc4 18. Bxc4 Rxc4 19. O-O-O b5 20. b3 Rc8 21. Nde2 Nc6
22. Bb6 Qxd2+ 23. Rxd2 Ba3+ 24. Kb1 O-O 25. Rf1 Bb4 26. Kb2 f5 27. gxf6 Rxf6 28.
a3 Be7 29. f4 Rf7 30. Rg1 Kh7 31. f5 exf5 32. Nf4 Ne5 33. Bd4 Nf3 34. Rxg6 Nxd2
35. exf5 Bf6 36. Bxf6 Rxf6 37. Rg2 Rd8 38. Ne6 Rd6 39. Nxg7 Nf3 40. Ne8 Nxh4 41.
Rg7+ Kh6 42. Ne4 Nxf5 43. Ra7 h4 44. N4xf6 Re6 45. Rh7+ Kg5 46. Rh5+ Kg6 47. Rh7
Rxe8 48. Nxe8 Kxh7 49. Nf6+ Kg6 50. Ne4 Kh5 51. Kc3 Kg4 52. Kd2 Kf3 53. Ng5+ Kf4
54. Nh3+ Kg3 55. Ng1 Kg2 56. Ne2 h3 57. Nf4+ Kg3 58. Nxh3 Kxh3 59. Kd3 Kg4 60.
c4 bxc4+ 61. Kxc4 Nd6+ 62. Kb4 Nb7 63. a4 Kf4 64. Kc4 Ke5 65. b4 Ke4 66. b5
axb5+ 67. Kxb5 Kd5 68. Kb6 Na5 69. Kxa5 Kc5 70. Ka6 Kc6 71. Ka7 Kc7 72. a5 Kc8
73. Ka8 Kc7 74. a6 Kc8 75. Ka7 Kc7 76. Ka8 Kc8 {Game drawn by mutual agreement}
1/2-1/2

[Event "Team 45 45 League T98"]
[Site "Internet Chess Club"]
[Date "2023.11.18"]
[Round "1"]
[White "Maybeiwill"]
[Black "Ostap-Bender"]
[Result "1-0"]
[WhiteElo "1259"]
[BlackElo "1233"]
[Opening "Queen's pawn game"]
[ECO "A45"]
[Time "16:01:43"]
[PlyCount "43"]
[TimeControl "2700+45"]

1. d4 Nf6 2. Nc3 e6 3. Bf4 d5 4. e3 Bd6 5. Bd3 Bxf4 6. exf4 c6 7. Nf3 Nbd7 8.
Qe2 Qe7 9. Ne5 Nxe5 10. fxe5 Nd7 11. O-O-O c5 12. Qg4 g6 13. h4 h5 14. Qf4 c4
15. Be2 Nb6 16. Nb5 a6 17. Nd6+ Kf8 18. g4 Nd7 19. gxh5 Kg7 20. Rdg1 Nf8 21.
hxg6 Nxg6 22. h5 {Black resigns} 1-0

[Event "Team 45 45 League T98"]
[Site "Internet Chess Club"]
[Date "2023.11.19"]
[Round "1"]
[White "stantheman59"]
[Black "Conjurer"]
[Result "1-0"]
[WhiteElo "1130"]
[BlackElo "1023"]
[Opening "Modern defense"]
[ECO "A40"]
[Time "16:00:47"]
[PlyCount "73"]
[TimeControl "2700+45"]

1. d4 g6 2. Nf3 Bg7 3. Bf4 e6 4. h3 Ne7 5. e3 d6 6. Bd3 Nbc6 7. c3 e5 8. dxe5
dxe5 9. Bg3 Bf5 10. e4 Be6 11. Ng5 O-O 12. O-O h6 13. Nf3 f5 14. exf5 Nxf5 15.
Bxf5 Bxf5 16. Qxd8 Raxd8 17. Na3 Rf7 18. Nc4 e4 19. Nfe5 Nxe5 20. Bxe5 Re7 21.
Bxg7 Kxg7 22. Ne3 Rd2 23. b3 c6 24. a4 a5 25. Nc4 Rd5 26. Rfd1 Red7 27. Rxd5
Rxd5 28. Ne3 Rd3 29. Rc1 Be6 30. b4 axb4 31. cxb4 Rd4 32. Nc2 Rc4 33. a5 Kf6 34.
Kf1 Kf5 35. Ne3+ Kf6 36. Nxc4 Bxc4+ 37. Rxc4 {Black resigns} 1-0

[Event "Team 45 45 League T98"]
[Site "Internet Chess Club"]
[Date "2023.11.18"]
[Round "1"]
[White "Kingofknights"]
[Black "chesskix"]
[Result "0-1"]
[WhiteElo "1550"]
[BlackElo "1356"]
[Opening "QGD Slav defense: exchange variation"]
[ECO "D13"]
[Time "13:31:09"]
[PlyCount "104"]
[TimeControl "2700+45"]

1. d4 d5 2. c4 c6 3. cxd5 cxd5 4. Nc3 Nf6 5. Nf3 g6 6. Bf4 a6 7. e3 Bg7 8. Rc1
O-O 9. Be2 Nc6 10. Ne5 Nd7 11. Nxc6 bxc6 12. O-O Bb7 13. b4 e5 14. dxe5 Nxe5 15.
Na4 Nd7 16. Qb3 Ra7 17. Rfd1 Qe7 18. Bf3 Be5 19. Nc5 Bxf4 20. Nxd7 Bxh2+ 21.
Kxh2 Qxd7 22. Qc3 Qe6 23. Qc5 Raa8 24. Qb6 Rab8 25. a3 Qe5+ 26. g3 Qb2 27. Ra1
Qxf2+ 28. Kh3 Qxf3 29. Qd4 Rfe8 30. Re1 h5 31. Rad1 Re4 32. Qa7 Qg4+ 33. Kg2
Ree8 34. Rd4 Qe6 35. Qc5 Bc8 36. Kf2 Bd7 37. Qc3 Qf6+ 38. Kg2 Qe6 39. Kf2 Qe5
40. Qd2 Bg4 41. Qd3 Rb6 42. Rc1 a5 43. Rc3 axb4 44. axb4 Bf5 45. Qd2 Be4 46. Qc1
Qf5+ 47. Ke1 Re6 48. Qd2 Qf3 49. Qf2 Rf6 50. Qg1 Ra6 51. Rd1 Ra2 52. Rd2 Ra1+
{White resigns} 0-1

[Event "Team 45 45 League T98"]
[Site "Internet Chess Club"]
[Date "2023.11.19"]
[Round "1"]
[White "Denis240964"]
[Black "Constrictor"]
[Result "0-1"]
[WhiteElo "1345"]
[BlackElo "1458"]
[Opening "Nimzovich-Larsen attack: classical variation"]
[ECO "A01"]
[Time "15:01:57"]
[PlyCount "116"]
[TimeControl "2700+45"]

1. b3 d5 2. Bb2 Nf6 3. e3 Bg4 4. Be2 Bxe2 5. Qxe2 c6 6. Nf3 Nbd7 7. O-O e6 8. d4
Bd6 9. Ne5 Qc7 10. f4 Ne4 11. Nc3 Ndf6 12. g4 Nxc3 13. Bxc3 Ne4 14. Bb2 f6 15.
Nd3 O-O-O 16. Rac1 Qe7 17. c4 g5 18. c5 Bc7 19. f5 h5 20. Nf2 exf5 21. gxf5 g4
22. Nd3 h4 23. Nf4 Bxf4 24. Rxf4 g3 25. h3 Rdg8 26. Rg4 Qh7 27. Rf4 Rg5 28. Rcf1
Nf2 29. Kg2 Rxf5 30. Qf3 Rxf4 31. Qxf4 Qe4+ 32. Qxe4 Nxe4 33. Rf4 Kd7 34. a3 Ke6
35. b4 f5 36. a4 Nf2 37. Bc3 Ne4 38. Bb2 Nf2 39. Bc3 Kf6 40. b5 Kg5 41. Bd2 Re8
42. Rf3 Ne4 43. Be1 Rf8 44. Rf1 f4 45. Bb4 Nf2 46. exf4+ Kxf4 47. Bc3 Ke3 48.
Bb2 Kd3 49. Ba1 Re8 50. Rb1 Re2 51. Rb2 Rxb2 52. Bxb2 Kc2 53. Ba1 Nd1 54. Kf3
Kb1 55. Ke2 Kxa1 56. Kf3 Kb2 57. a5 a6 58. b6 Kc3 {White resigns} 0-1

[Event "Team 45 45 League T98"]
[Site "Internet Chess Club"]
[Date "2023.11.18"]
[Round "1"]
[White "NATYNL09"]
[Black "Visin"]
[Result "1-0"]
[WhiteElo "1171"]
[BlackElo "1205"]
[Opening "Giuoco Pianissimo"]
[ECO "C50"]
[Time "14:00:16"]
[PlyCount "70"]
[TimeControl "2700+45"]

1. e4 e5 2. Nf3 Nc6 3. Bc4 Bc5 4. d3 Nf6 5. c3 O-O 6. d4 exd4 7. cxd4 Bb4+ 8.
Bd2 Bxd2+ 9. Qxd2 h6 10. Nc3 d6 11. h3 Bd7 12. O-O a6 13. Rfe1 Re8 14. Re2 Ne7
15. Rae1 c6 16. e5 dxe5 17. dxe5 Nh7 18. e6 fxe6 19. Bxe6+ Bxe6 20. Qxd8 Raxd8
21. Rxe6 Rd7 22. Ne5 Rc7 23. Nc4 Kf8 24. Nd6 Rd8 25. f4 Nf6 26. g4 Ne8 27. Nxe8
Kxe8 28. Ne4 Kf7 29. f5 Rcd7 30. Nc5 Rd1 31. Rxe7+ Kf8 32. Re8+ Rxe8 33. Rxd1 b6
34. Ne6+ Kf7 35. Rd7+ Kf6 {Black resigns} 1-0